 Dungeon Crawl Stone Soup version 0.30-a0-757-ga6a79fd877 (webtiles) character file.

Game seed: 3581814056998060925

110627 KennySheep the Ogre Mage (level 16, -16/150 HPs)
             Began as an Ogre Conjurer on Feb 7, 2023.
             Was a High Priest of Vehumet.
             Killed from afar by a deep elf pyromancer (36 damage)
             ... with a bolt of fire
             ... on level 1 of the Elven Halls on Feb 9, 2023.
             The game lasted 02:05:20 (36098 turns).

KennySheep the Ogre Mage (Ogre Conjurer)           Turns: 36098, Time: 02:05:21

Health: -16/150    AC: 16    Str: 15    XL:     16   Next: 55%
Magic:  8/37       EV:  7    Int: 25    God:    Vehumet [*****.]
Gold:   1012       SH:  5    Dex:  5    Spells: 3/49 levels left

rFire   x . .      SeeInvis .    b - +6 giant spiked club (spect)
rCold   + + .      Faith    .    (shield currently unavailable)
rNeg    + . .      Spirit   .    P - +2 pearl dragon scales
rPois   .          Reflect  +    (helmet restricted)
rElec   .          Harm     .    O - scarf {repulsion}
rCorr   .          Rampage  .    (gloves unavailable)
Will    +....                    (boots unavailable) Stlth
                                 E - amulet of reflection
HPRegen 0.45/turn                F - ring of ice
MPRegen 0.25/turn                X - ring of protection from cold

@: repel missiles
A: large, unfitting armour, tough skin 1, clumsy 1
a: Renounce Religion


You were on level 1 of the Elven Halls.
You worshipped Vehumet.
Vehumet was extremely pleased with you.
You visited 5 branches of the dungeon, and saw 24 of its levels.
You also visited: Ossuary, Ice Cave and Volcano.

You collected 2644 gold pieces.
You spent 1632 gold pieces at shops.

Inventory:

Hand Weapons
 b - a +6 spectral giant spiked club (weapon)
Missiles
 D - 4 throwing nets
Armour
 K - an orb of light
 O - a scarf of repulsion (worn)
 P - +2 pearl dragon scales (worn)
Magical Staves
 a - a staff of fire
Jewellery
 e - the necklace of Bloodlust {Fury *Rage Will++ Int-3 Slay+6}
   (You bought it in a shop on level 12 of the Dungeon)

   [amulet of nothing]

   Fury:      It extends the wearer's berserk rage when killing foes.
   Int:       It affects your intelligence (-3).
   Slay:      It affects your accuracy & damage with ranged weapons and melee
   (+6).
   *Rage:     It berserks you when you make melee attacks (+50% chance).
   Will:      It greatly increases your willpower.
 l - a ring of willpower
 v - a ring of fire
 w - a ring of see invisible
 x - an amulet of guardian spirit
 E - an amulet of reflection (around neck)
 F - a ring of ice (left hand)
 X - a ring of protection from cold (right hand)
Wands
 d - a wand of quicksilver (8)
 C - a wand of roots (29)
 G - a wand of polymorph (13)
 J - a wand of digging (8)
 M - a wand of charming (7)
 Q - a wand of flame (8)
Scrolls
 i - 3 scrolls of vulnerability
 j - a scroll of magic mapping
 o - 8 scrolls of teleportation
 p - 3 scrolls of noise
 t - 11 scrolls of identify
 y - 3 scrolls of fog
 z - a scroll of enchant armour
 R - a scroll of silence
Potions
 c - 10 potions of flight
 f - 5 potions of attraction
 g - a potion of haste
 h - 4 potions of resistance
 k - 4 potions of might
 n - 7 potions of curing
 q - 3 potions of brilliance
 r - a potion of lignification
 s - 3 potions of berserk rage
 u - 7 potions of ambrosia
 B - 4 potions of degeneration
 H - 2 potions of magic
 I - 2 potions of heal wounds
 L - 2 potions of cancellation
 S - 3 potions of mutation
 W - a potion of invisibility
Miscellaneous
 m - a piece from Xom's chessboard (15/15)


   Skills:
 - Level 7.8 Fighting
 - Level 3.8(5.1) Maces & Flails
 - Level 5.8(6.4) Staves
 - Level 8.5 Armour
 - Level 1.7 Dodging
 - Level 1.4 Stealth
 + Level 17.1 Spellcasting
 - Level 6.7 Conjurations
 - Level 5.4 Translocations
 * Level 16.7 Fire Magic
 - Level 4.8 Earth Magic


You had 3 spell levels left.
You knew the following spells:

 Your Spells              Type           Power      Damage    Failure   Level
a - Magic Dart            Conj           100%       1d8       1%          1
b - Iskenderun's Battles  Conj           53%        2d10      4%          5
c - Iskenderun's Mystic   Conj/Tloc      51%        2d11      2%          4
d - Sandblast             Erth           90%        2d19      1%          1
e - Stone Arrow           Conj/Erth      100%       3d13      1%          3
f - Sticky Flame          Conj/Fire      69%        2d8       1%          4
g - Foxfire               Conj/Fire      100%       2x1d9     1%          1
h - Ignition              Fire           40%        3d12      17%         8
i - Spellforged Servitor  Conj/Summ      19%        N/A       99%         7
j - Fireball              Conj/Fire      34%        3d14      1%          5
l - Passwall              Tmut/Erth      27%        N/A       5%          2
p - Lee's Rapid Deconstr  Erth           22%        3d13*     11%         5

Your spell library contained the following spells:

 Spells                   Type           Power      Damage    Failure   Level
 Eringya's Noxious Bog    Tmut/Pois      10%        N/A       96%         6
 Apportation              Tloc           96%        N/A       1%          1
 Searing Ray              Conj           100%       2d8       1%          2
 Ignite Poison            Fire/Tmut/Pois 49%        N/A       1%          3
 Kindle Blastsparks       Fire/Tloc/Air  100%       2d18      1%          3
 Dazzling Flash           Conj/Hex       76%        N/A       2%          3
 Gell's Gravitas          Tloc           48%        N/A       3%          3
 Teleport Other           Tloc           48%        N/A       3%          3
 Necrotise                Necr           84%        1d8       10%         1
 Summon Small Mammal      Summ           84%        N/A       10%         1
 Ensorcelled Hibernation  Hex/Ice        64%        N/A       14%         2
 Spider Form              Tmut/Pois      21%        N/A       28%         3
 Flame Wave               Conj/Fire      69%        2d16      1%          4
 Fulminant Prism          Conj/Hex       19%        3d10      7%          4
 Manifold Assault         Tloc           48%        N/A       11%         4
 Conjure Ball Lightning   Conj/Air       19%        3x3d6     65%         6
 Anguish                  Hex/Necr       10%        N/A       67%         4
 Animate Dead             Necr           21%        N/A       67%         4
 Cause Fear               Hex            10%        N/A       67%         4
 Summon Lightning Spire   Summ/Air       21%        N/A       67%         4
 Borgnjor's Vile Clutch   Necr/Erth      16%        N/A       69%         5
 Orb of Destruction       Conj           26%        9d9       75%         7
 Dispersal                Tloc           24%        N/A       85%         6
 Death Channel            Necr           10%        N/A       100%        6
 Dragon Form              Tmut           10%        N/A       100%        7
 Storm Form               Tmut/Air       10%        N/A       100%        7
 Discord                  Hex            10%        N/A       100%        8
 Disjunction              Tloc           24%        N/A       100%        8
 Maxwell's Capacitive Co  Air            10%        ∞         100%        8
 Dragon's Call            Summ           10%        N/A       100%        9


Dungeon Overview and Level Annotations

Branches:
Dungeon (15/15)            Temple (1/1) D:5            Lair (5/5) D:11
 Shoals (0/4) Lair:3        Snake (0/4) Lair:3        Slime (0/5) Lair:4
    Orc (2/2) D:9             Elf (1/3) Orc:2        Vaults (0/5) D:13
 Depths (0/4) D:15        Ossuary (visited)           IceCv (visited)
Volcano (visited)

Altars:
Ashenzari
Cheibriados
Dithmenos
Elyvilon
Fedhas
Gozag
Hepliaklqana
Kikubaaqudgha
Makhleb
Nemelex Xobeh
Okawaru
Qazlal
Ru
Sif Muna
Trog
Uskayaw
Vehumet
Wu Jian
Xom
Yredelemnul
Zin
The Shining One
Jiyva

Shops:
D:12 =   D:15 [=![*   Orc:2 *[(:(


Innate Abilities, Weirdness & Mutations

You are too large for most types of armour.
You have tough skin. (AC +1)
You are clumsy. (Dex -2)


Message History

The air elemental fires a burst of electricity at you.
The stunning burst hits you but does no damage.
You suddenly lose the ability to move!
The air elemental hits you!
You can move again.
Items here: )) [ ÷÷.
The air elemental attacks as you move away!
The air elemental hits you!
The air elemental fires a burst of electricity at you.
The stunning burst hits you but does no damage.
You shrug off the repeated paralysis!
Things that are here:
a +0 dagger; a +0 scale mail The air elemental attacks as you move away!
The air elemental hits you!
The deep elf zephyrmancer attacks as you move away!
You block the deep elf zephyrmancer's attack.
You block the air elemental's attack.
The air elemental hits you but does no damage.
As you read the scroll of teleportation, it crumbles to dust.
You feel strangely unstable. The air elemental closely misses you.
The air elemental fires a burst of electricity at you.
The stunning burst misses you.
The air elemental attacks as you move away!
The air elemental closely misses you.
The air elemental fires a burst of electricity at you.
The stunning burst hits you!
You suddenly lose the ability to move!
The air elemental fires a burst of electricity at you.
The stunning burst hits you but does no damage.
You can move again.
The air elemental hits you but does no damage.
The air elemental hits you but does no damage.
The deep elf zephyrmancer gestures at you while chanting.
The bolt of lightning hits you!!
* * * LOW HITPOINT WARNING * * *
The air elemental barely misses you.
Your surroundings suddenly seem different.
A deep elf pyromancer comes into view. It is wielding a +0 long sword.
The deep elf pyromancer points at you and mumbles some strange words.
The bolt of fire hits you!!! The fire burns you terribly!
You die...

... ####..)#.#. ..
##...#..#. ##.#.E#.#..
#########.##.#..#..
##.....##.##..#.).##
##.......####.#e.....
#..........##.#).....
#.8....)8..##.e.)##..
#...@..)...##..##..#.
+.....8.8..#..#.#....#.
#..........##....#.#.#..
..........##..#.#....#.#
....e....#.e.#..#..##..#
.........'.. #...##..
.........##.#.... ..#
##.......# .#.... ..#
...# .#.


You could see a deep elf pyromancer.

Vanquished Creatures
  A deep elf sorcerer (Elf:1)
  4 orc warlords
  Snorg (Orc:2)
  Harold (D:11)
  A fire dragon (Lair:5)
  Fannar (D:9)
  2 hydras
  Erolcha (D:11)
  An ogre mage (D:13)
  4 centaur warriors
  8 two-headed ogres
  2 boulder beetles
  A tengu warrior (D:15)
  2 dancing weapons (Elf:1)
  2 catoblepae (Lair:2)
  A vampire mage (D:15)
  7 death yaks
  Urug (Orc:1)
  An orc high priest (Orc:2)
  2 deep elf knights (Elf:1)
  A storm dragon zombie (D:15)
  2 skeletal warriors (D:15)
  Lodul (D:14)
  3 deep elf archers
  2 lindwurms (Lair:5)
  4 orc knights
  8 wizards (D:14)
  2 spriggan simulacra (D:15)
  11 ugly things
  A necromancer (D:15)
  8 deep elf zephyrmancers
  3 deep elf pyromancers (Elf:1)
  4 orc sorcerers (Orc:2)
  2 cyclopes
  A manticore (D:13)
  7 black mambas
  A frost giant skeleton (D:15)
  2 merfolk sirens (Lair:3)
  18 elephants
  A black mamba (shapeshifter) (D:15)
  A guardian serpent (shapeshifter) (D:14)
  4 gargoyles
  11 cane toads
  2 torpor snails
  2 molten gargoyles (Lair:5)
  An efreet (Volcano)
  A komodo dragon (shapeshifter) (D:15)
  A kobold demonologist (D:11)
  5 rime drakes
  12 komodo dragons
  An unseen horror (D:10)
  A freezing wraith (D:14)
  2 merfolk (Lair:3)
  10 trolls
  A hornet (D:8)
  2 polar bears (D:12)
  A raiju (shapeshifter) (D:14)
  A wind drake (shapeshifter) (D:15)
  4 dream sheep (Lair:3)
  9 blink frogs (Lair:1)
  20 slime creatures
  A spriggan zombie (D:15)
  4 wyverns
  A human (D:9)
  A wraith (D:11)
  A shadow (D:12)
  56 yaks
  Eustachio (D:4)
  A dire elephant simulacrum (D:15)
  5 basilisks
  7 vampire mosquitoes
  Menkaure (D:7)
  3 steam dragons
  3 minotaur simulacra (D:15)
  A harpy simulacrum (D:15)
  3 acid dragons
  4 wargs
  12 water moccasins
  4 hell hounds (Lair:5)
  44 orc warriors
  2 great orb of eyes simulacra (IceCv)
  7 black bears
  7 wolves
  18 ogres
  A boggart (D:13)
  4 ice beasts
  11 centaurs
  A slime creature simulacrum (IceCv)
  7 kobold brigands
  3 elf zombies
  7 bullfrogs
  3 necrophages
  2 scorpions
  An elf skeleton (D:5)
  A deep troll simulacrum (D:15)
  A glowing shapeshifter simulacrum (IceCv)
  5 wights (D:9)
  3 killer bees (D:10)
  5 jellies
  3 howler monkeys
  5 lava snakes (Lair:5)
  4 electric eels (Lair:1)
  A tengu skeleton (D:15)
  9 centaur zombies
  3 human zombies
  30 orc priests
  2 hounds
  A human skeleton (D:5)
  4 iguanas
  31 orc wizards
  Ijyb (D:4)
  2 mummies (Ossuary)
  2 howler monkey zombies (D:10)
  6 gnolls (D:5)
  10 adders
  A white imp (D:6)
  2 ufetubi
  2 worms (D:2)
  A dart slug (D:3)
  110 orcs
  5 ball pythons
  5 bats
  10 endoplasms
  A giant cockroach (D:1)
  9 goblins
  5 hobgoblins
  7 jackals
  3 quokkas
  2 frilled lizards (D:2)
  10 hobgoblin zombies (Ossuary)
  2 jackal zombies (Ossuary)
  17 kobolds
  11 kobold zombies (Ossuary)
  An orc skeleton (D:5)
  5 orc zombies (Ossuary)
  7 rats
  4 rat zombies (Ossuary)
  A bush (Lair:1)
795 creatures vanquished.

Vanquished Creatures (collateral kills)
  Nergalle (Orc:1)
  An orc warrior (Orc:1)
  An orc priest (Orc:1)
  2 orcs (Orc:1)
5 creatures vanquished.

Vanquished Creatures (others)
  308 foxfires
  33 fungi
  84 plants
  12 withered plants (D:15)
437 creatures vanquished.

Grand Total: 1237 creatures vanquished

Notes
Turn   | Place    | Note
-------+----------+-------------------------------------------
     0 | D:1      | KennySheep the Ogre Conjurer began the quest for the Orb.
     0 | D:1      | Reached XP level 1. HP: 16/16 MP: 3/3
   356 | D:1      | Reached XP level 2. HP: 24/24 MP: 2/5
   548 | D:1      | Reached skill level 1 in Translocations
  1049 | D:2      | Reached XP level 3. HP: 27/31 MP: 1/7
  1592 | D:2      | Learned a level 2 spell: Passwall
  1612 | D:2      | Learned a level 2 spell: Searing Ray
  1747 | D:2      | Reached skill level 3 in Spellcasting
  1747 | D:2      | Reached XP level 4. HP: 39/39 MP: 5/8
  1752 | D:2      | Learned a level 4 spell: Iskenderun's Mystic Blast
  2473 | D:3      | Found a sparkling altar of Nemelex Xobeh.
  3192 | D:4      | Noticed Eustachio
  3198 | D:3      | Reached XP level 5. HP: 22/45 MP: 0/9
  3417 | D:4      | Reached XP level 6. HP: 47/53 MP: 1/11
  3575 | D:4      | Reached skill level 5 in Conjurations
  3959 | D:4      | Reached skill level 4 in Spellcasting
  4028 | D:4      | Noticed Ijyb
  4037 | D:4      | Killed Ijyb
  4362 | D:4      | Killed Eustachio
  4363 | D:4      | Reached XP level 7. HP: 51/59 MP: 4/13
  4775 | D:5      | Entered Level 5 of the Dungeon
  4841 | D:5      | HP: 1/59 [elf zombie (7)]
  5112 | D:5      | Found a sand-covered staircase.
  5118 | Ossuary  | Entered an ossuary
  5589 | Ossuary  | Reached XP level 8. HP: 35/68 MP: 8/15
  5735 | Ossuary  | Reached skill level 1 in Fighting
  5743 | Ossuary  | Reached skill level 1 in Maces & Flails
  5743 | Ossuary  | Reached skill level 5 in Translocations
  5952 | D:5      | Reached skill level 5 in Spellcasting
  6117 | D:5      | Identified the +1 pair of gloves "Qyitrone" {rPois Int-3
                  | SInv}
  6479 | D:5      | Found a sacrificial altar of Ru.
  6483 | D:5      | Found a white marble altar of Elyvilon.
  6560 | D:5      | Became a worshipper of Ru the Awakened
  6608 | D:5      | Found a staircase to the Ecumenical Temple.
  6672 | D:5      | Noticed a yak
  6683 | D:5      | Killed a yak
  6684 | D:5      | Reached skill level 1 in Earth Magic
  6716 | Temple   | Entered the Ecumenical Temple
  6957 | Temple   | Fell from the grace of Ru
  6957 | Temple   | Became a worshipper of Vehumet
  7160 | D:5      | Reached skill level 6 in Spellcasting
  7160 | D:5      | Reached XP level 9. HP: 83/83 MP: 9/18
  7555 | D:5      | Learned a level 1 spell: Sandblast
  7559 | D:5      | Learned a level 3 spell: Stone Arrow
  7840 | D:6      | Learned a level 5 spell: Lee's Rapid Deconstruction
  7901 | D:6      | Identified the +1 long sword of Vaukiuni {heavy, rPois
                  | Str+2}
  8002 | D:6      | Reached skill level 7 in Spellcasting
  8578 | D:7      | Reached * piety under Vehumet
  8578 | D:7      | Offered knowledge of Freeze by Vehumet.
  8670 | D:7      | Reached skill level 5 in Fighting
  8885 | D:7      | Noticed Menkaure
  9017 | D:7      | Killed Menkaure
  9073 | D:7      | Found a glowing silver altar of Zin.
  9098 | D:7      | Reached XP level 10. HP: 89/96 MP: 17/21
  9189 | D:7      | Reached skill level 8 in Spellcasting
  9439 | D:7      | Found a hazy altar of Hepliaklqana.
  9479 | D:7      | Learned a level 4 spell: Sticky Flame
  9514 | D:7      | Reached skill level 1 in Fire Magic
  9944 | D:8      | Found an iron altar of Okawaru.
 10258 | D:8      | Offered knowledge of Foxfire by Vehumet.
 10259 | D:8      | Reached ** piety under Vehumet
 10387 | D:8      | Learned a level 1 spell: Foxfire
 10422 | D:8      | Paralysed by a hornet for 3 turns
 10901 | D:9      | Identified the +2 robe "Ydutuqim" {Regen+ Dex+5 Stlth+}
 10922 | D:9      | Reached skill level 9 in Spellcasting
 11422 | D:9      | Found a stormy altar of Qazlal.
 11453 | D:9      | Noticed a two-headed ogre
 11468 | D:9      | Killed a two-headed ogre
 11469 | D:9      | Reached skill level 10 in Spellcasting
 11582 | D:9      | Reached skill level 5 in Fire Magic
 11592 | D:9      | Reached XP level 11. HP: 89/104 MP: 6/25
 11593 | D:9      | Offered knowledge of Static Discharge by Vehumet.
 11885 | D:8      | Learned a level 8 spell: Ignition
 12178 | D:9      | Reached *** piety under Vehumet
 12398 | D:9      | Found a staircase to the Orcish Mines.
 12427 | D:9      | Reached skill level 11 in Spellcasting
 12908 | Orc:1    | Entered Level 1 of the Orcish Mines
 12939 | Orc:1    | Noticed Fannar
 12940 | Orc:1    | Offered knowledge of Inner Flame by Vehumet.
 12941 | Orc:1    | Noticed Urug
 13103 | D:10     | Entered Level 10 of the Dungeon
 13105 | D:10     | Found a bloodstained altar of Trog.
 13748 | D:10     | Found a basalt altar of Yredelemnul.
 13840 | D:10     | Found a blossoming altar of Fedhas.
 13849 | D:10     | Found a shadowy altar of Dithmenos.
 14104 | D:11     | Noticed Harold
 14106 | D:11     | Noticed a two-headed ogre
 14113 | D:11     | Killed a two-headed ogre
 14114 | D:11     | Killed Harold
 14114 | D:11     | Reached **** piety under Vehumet
 14115 | D:11     | Reached skill level 12 in Spellcasting
 14124 | D:11     | Reached XP level 12. HP: 61/111 MP: 2/28
 14297 | D:11     | Found a staircase to the Lair.
 14377 | Lair:1   | Entered Level 1 of the Lair of Beasts
 14531 | D:11     | Noticed a two-headed ogre
 14568 | D:11     | Found a runed translucent door.
 14835 | D:11     | Noticed a two-headed ogre
 14843 | D:11     | Offered knowledge of Flame Wave by Vehumet.
 14849 | D:11     | Learned a level 4 spell: Flame Wave
 14861 | D:11     | Killed a two-headed ogre
 14960 | D:11     | Noticed a two-headed ogre
 14966 | D:11     | Killed a two-headed ogre
 14967 | D:11     | Reached skill level 10 in Fire Magic
 15026 | D:11     | Noticed Erolcha
 15038 | D:11     | Killed Erolcha
 15324 | D:11     | Killed a two-headed ogre
 15684 | D:11     | Reached skill level 1 in Armour
 15843 | D:11     | Reached skill level 13 in Spellcasting
 17528 | Lair:2   | Noticed a catoblepas
 17540 | Lair:2   | Killed a catoblepas
 17541 | Lair:2   | Reached XP level 13. HP: 102/119 MP: 18/30
 18186 | Lair:2   | Reached ***** piety under Vehumet
 18236 | Lair:2   | Offered knowledge of Fireball by Vehumet.
 18734 | Lair:3   | Reached skill level 14 in Spellcasting
 18740 | Lair:3   | Learned a level 5 spell: Fireball
 18813 | Lair:3   | Reached skill level 1 in Staves
 18925 | Lair:3   | Found a staircase to the Snake Pit.
 19630 | Lair:3   | Found a staircase to the Shoals.
 19929 | Lair:4   | Reached skill level 5 in Armour
 20481 | Lair:4   | Found a sacrificial altar of Ru.
 20696 | Lair:4   | Found a viscous altar of Jiyva.
 20696 | Lair:4   | Found a staircase to the Slime Pits.
 21074 | Lair:4   | Reached skill level 5 in Staves
 21426 | Lair:5   | Entered Level 5 of the Lair of Beasts
 21471 | Lair:5   | Reached XP level 14. HP: 122/135 MP: 17/32
 21474 | Lair:5   | Offered knowledge of Iskenderun's Battlesphere by Vehumet.
 21861 | Lair:5   | Found a dark tunnel.
 21869 | Volcano  | Entered a volcano
 22895 | Lair:5   | Upgraded the game from 0.30-a0-743-gbfdf073431 to
                  | 0.30-a0-748-ge6a52f7cba
 23215 | Lair:5   | Reached skill level 15 in Spellcasting
 23699 | Lair:5   | HP: 6/135 [wyvern (2)]
 23961 | Lair:5   | Upgraded the game from 0.30-a0-748-ge6a52f7cba to
                  | 0.30-a0-757-ga6a79fd877
 25097 | Lair:5   | Found a large runed translucent door.
 25097 | Lair:5   | Found a large runed translucent door.
 25114 | Lair:5   | Learned a level 5 spell: Iskenderun's Battlesphere
 25126 | Lair:5   | Identified the +1 robe "Nuar" {rElec rF- Str+3}
 25797 | D:9      | Offered knowledge of Spellforged Servitor by Vehumet.
 25798 | D:9      | Killed Fannar
 26847 | D:13     | Reached skill level 16 in Spellcasting
 26847 | D:13     | Reached XP level 15. HP: 75/143 MP: 8/35
 27363 | D:13     | Learned a level 7 spell: Spellforged Servitor
 27913 | D:13     | Found a gate to the Vaults.
 28257 | D:12     | Found Unwu's Jewellery Shop.
 28261 | D:12     | Identified the +8 quarterstaff "Jeizxapy" {venom, rPois}
 28270 | D:12     | Bought the necklace of Bloodlust {Fury *Rage Will++ Int-3
                  | Slay+6} for 634 gold pieces
 28270 | D:12     | Found the necklace of Bloodlust {Fury *Rage Will++ Int-3
                  | Slay+6}
 28586 | D:12     | Found a bloodstained altar of Trog.
 29401 | D:14     | Noticed Lodul
 29404 | D:14     | Killed Lodul
 30124 | D:15     | Entered Level 15 of the Dungeon
 30124 | D:15     | Found Soreuver's Antique Armour Emporium.
 30125 | D:15     | Identified a scroll of acquirement
 30126 | D:15     | Acquired a +3 spectral giant spiked club
 30145 | D:15     | Found Etewinocw's Jewellery Shop.
 30308 | D:15     | Offered knowledge of Arcjolt by Vehumet.
 30354 | D:15     | HP: 5/143 [entropy weaver (shapeshifter) (8)]
 30766 | D:15     | Found a frozen archway.
 30908 | IceCv    | Entered an ice cave
 31100 | D:15     | Found a hide-covered altar of Uskayaw.
 31105 | D:15     | Found Dobyogus's Assorted Antiques.
 31108 | D:15     | Bought a scroll of blinking for 180 gold pieces
 31108 | D:15     | Bought a thin peridot amulet for 120 gold pieces
 31108 | D:15     | Bought a scroll of enchant weapon for 180 gold pieces
 31226 | D:15     | Reached skill level 15 in Fire Magic
 32054 | D:15     | Found a staircase to the Depths.
 32159 | D:15     | Found Fotuirgh's Distillery.
 32165 | D:15     | Bought a potion of curing for 42 gold pieces
 32165 | D:15     | Bought a potion of ambrosia for 112 gold pieces
 32165 | D:15     | Bought a potion of heal wounds for 70 gold pieces
 32165 | D:15     | Bought a potion of ambrosia for 112 gold pieces
 32165 | D:15     | Bought a potion of ambrosia for 112 gold pieces
 32165 | D:15     | Bought a potion of heal wounds for 70 gold pieces
 32258 | D:15     | Found Wirilot's Antique Armour Shoppe.
 32756 | Orc:1    | Killed Urug
 33078 | Orc:2    | Entered Level 2 of the Orcish Mines
 33078 | Orc:2    | Found a radiant altar of Vehumet.
 33104 | Orc:2    | Offered knowledge of Starburst by Vehumet.
 33115 | Orc:2    | Noticed an orc warlord
 33203 | Orc:2    | Reached XP level 16. HP: 119/150 MP: 21/36
 33713 | Orc:2    | Gained mutation: You are clumsy. (Dex -2) [a neqoxec]
 34319 | Orc:2    | Noticed Snorg
 34342 | Orc:1    | Noticed Nergalle
 34349 | Orc:2    | Killed Snorg
 34607 | Orc:1    | Killed Nergalle
 35121 | Orc:2    | Offered knowledge of Eringya's Noxious Bog by Vehumet.
 35273 | Orc:2    | Found Dusche Xuaho's Antique Weapon Emporium.
 35279 | Orc:2    | Found a staircase to the Elven Halls.
 35492 | Orc:2    | Found Runidi's Antique Weapon Emporium.
 35509 | Orc:2    | Found Epihil's General Store.
 35513 | Orc:2    | Found Eptal's Antique Armour Emporium.
 35565 | Orc:2    | Found Cenooj's Book Emporium.
 35594 | Elf:1    | Entered Level 1 of the Elven Halls
 35819 | Elf:1    | Reached skill level 17 in Spellcasting
 36086 | Elf:1    | Paralysed by an air elemental for 1 turns
 36091 | Elf:1    | Paralysed by an air elemental for 1 turns
 36095 | Elf:1    | Paralysed by an air elemental for 1 turns
 36098 | Elf:1    | Killed from afar by a deep elf pyromancer

Illustrated notes

Levels and vault maps discovered:
D:1:      wheals_arrival_shading, layout_loops_ring
D:2:      layout_loops_ring, minmay_joined_circles
D:3:      layout_basic, nemelex_spade_bored_becter
D:4:      layout_basic, uniq_ijyb, uniq_eustachio
D:5:      cheibrodos_barr_body, layout_gridville,
          mainiacjoe_overflow_catwalk_spiral, temple_doors_e,
          nicolae_ossuary_entry_catacombs, mrwooster_statue_mirror,
          amethyst_killhole, kennysheep_generic_room_10
D:6:      layout_rooms
D:7:      layout_rooms, zin_scriptorium, mainiacjoe_overflow_catwalk,
          nrook_loot_triangle, grunt_ministairs_8, uniq_menkaure
D:8:      layout_cave_pools, kennysheep_little_box, special_room
          [special_room_orc]
D:9:      layout_irregular_city, kennysheep_mini_moat, erik_orc_4
D:10:     layout_loops_ring, old_standard_altar, mainiacjoe_overflow_swirl,
          nicolae_yredelemnul_corpse_copse
D:11:     layout_loops_corners, david_lair_shrubbed, lightli_church_of_beogh,
          uniq_erolcha, uniq_harold
D:12:     layout_cave_pools, serial_shops, shop_fountains, trog_ov_bears_minmay
D:13:     layout_basic, hangedman_vaults_entry_quadrant_bands
D:14:     minmay_wizard_corner, layout_long_grid, glass_columns_c,
          kennysheep_another_room, uniq_lodul
D:15:     gammafunk_depths_entry_grave, layout_grid_maze,
          nicolae_uskayaw_dance_hall, portal_ice_cave_entry_ice_simulacra,
          serial_shops, shop, nicolae_square_shop, nicolae_shop_behind_doors,
          shop, nicolae_shop_hallway_plus
Temple:   chequers_temple_sunken
Lair:1:   layout_loops_ring, grunt_forest_stairs_basic,
          nicolae_quartered_pool_super, serial_bayou_shore_a
Lair:2:   layout_roguey, st_stairs_13
Lair:3:   layout_chaotic_city, elwin_shoals_entry_stream, dummy_snake_entry,
          st_stairs_10
Lair:4:   layout_loops_ring, nicolae_slime_entry_slimehenge, basic_altar
Lair:5:   cheibrodos_lair_end_hotspot, layout_cave_pods, enter_volcano_2,
          st_stairs_11, serial_bayou_shore_b
Orc:1:    layout_caves, uniq_urug, uniq_fannar, uniq_nergalle
Orc:2:    grunt_orc_cross, layout_caves, serial_shops, shop, basic_altar,
          mines2_david, uniq_snorg
Elf:1:    eino_elf_arrival_the_gate, layout_geoelf_grid, serial_shops, shop,
          serial_sigils, serial_sigils_hangedman_writhe,
          serial_sigils_hangedman_confine, serial_sigils_hangedman_leer,
          serial_sigils_hangedman_shear, serial_sigils_hangedman_snap,
          drop_trap, grunt_ministairs_9

Skill      XL: |  1  2  3  4  5  6  7  8  9 10 11 12 13 14 15 16 |
---------------+-------------------------------------------------+-----
Translocations | 1 2 3 4 5 |  5.4
Conjurations   | 4 5 6 |  6.7
Spellcasting   | 3 4 6 7 10 12 13 14 16 17 | 17.1
Fighting       | 3 5 7 |  7.8
Maces & Flails | 2 3 |  3.8
Earth Magic    | 2 4 |  4.8
Fire Magic     | 5 9 11 12 15 16 | 16.7
Armour         | 3 6 8 |  8.5
Staves         | 5 |  5.8
Dodging        | |  1.7
Stealth        | |  1.4

Action                     |  1- 3 |  4- 6 |  7- 9 | 10-12 | 13-15 | 16-18 || total
---------------------------+-------+-------+-------+-------+-------+-------++-------
  Melee: Whip              |    19 |     9 |       |       |       |       ||    28
         Giant spiked club |       |     2 |    69 |     1 |     5 |     2 ||    79
         Staff             |       |       |       |   109 |   174 |    21 ||   304
         Punch             |       |       |       |     2 |       |     2 ||     4
   Cast: Magic Dart        |    70 |    93 |   106 |       |     2 |       ||   271
         Searing Ray       |       |    11 |    23 |       |       |       ||    34
         Iskenderun's Myst |       |       |    14 |    93 |    93 |    11 ||   211
         Passwall          |       |       |     1 |       |       |       ||     1
         Sandblast         |       |       |    52 |    13 |       |       ||    65
         Sticky Flame      |       |       |       |    69 |    96 |     1 ||   166
         Foxfire           |       |       |       |   178 |     6 |       ||   184
         Lee's Rapid Decon |       |       |       |     5 |     2 |       ||     7
         Flame Wave        |       |       |       |     9 |    10 |       ||    19
         Stone Arrow       |       |       |       |     3 |    67 |     7 ||    77
         Fireball          |       |       |       |       |   199 |   114 ||   313
         Iskenderun's Batt |       |       |       |       |    10 |     1 ||    11
         Ignition          |       |       |       |       |     1 |     1 ||     2
  Evoke: Wand              |       |       |       |       |     6 |       ||     6
    Use: Potion            |     3 |     2 |     2 |     1 |     8 |     1 ||    17
         Scroll            |     2 |     4 |    12 |     8 |    21 |     4 ||    51
 Armour: Robe              |     9 |    18 |    40 |    55 |       |       ||   122
         Pearl dragon scal |       |       |       |    23 |   263 |    25 ||   311
  Dodge: Dodged            |    11 |    33 |    84 |   143 |   172 |    23 ||   466
         Repelled          |       |       |       |     4 |     6 |     2 ||    12
  Block: Other             |       |       |       |       |     5 |    14 ||    19
         Reflection        |       |       |       |       |       |     1 ||     1

Table legend: (Time is in decaauts)
 A = Elapsed time spent in this place.
 B = Non-inter-level travel time spent in this place.
 C = Inter-level travel time spent in this place.
 D = Time resting spent in this place.
 E = Time spent auto-exploring this place.
 F = Levels seen in this place.
 G = Mean time per level.
                   A        B        C        D        E       F      G
               +--------+--------+--------+--------+--------+-----+--------+
         Total |  36194 |  34391 |   1803 |   8572 |  20207 |  27 | 1340.5 |
       Dungeon |  22157 |  21001 |   1156 |   5155 |  12702 |  15 | 1477.1 |
        Temple |    263 |    242 |     21 |      0 |    229 |   1 |  263.0 |
          Lair |   9217 |   8683 |    534 |   1777 |   5581 |   5 | 1843.4 |
  Orcish Mines |   2891 |   2799 |     92 |   1160 |   1091 |   2 | 1445.5 |
   Elven Halls |    503 |    503 |      0 |    217 |    197 |   1 |  503.0 |
       Ossuary |    812 |    812 |      0 |    241 |    312 |   1 |  812.0 |
      Ice Cave |     35 |     35 |      0 |     22 |      0 |   1 |   35.0 |
       Volcano |    312 |    312 |      0 |      0 |     95 |   1 |  312.0 |
               +--------+--------+--------+--------+--------+-----+--------+

Top non-repeatable levels by time:
  Lair:5: 3477 daAuts
    D:11: 2311 daAuts
     D:9: 2124 daAuts
    D:15: 2093 daAuts
    D:13: 1981 daAuts
     D:5: 1796 daAuts
  Lair:4: 1761 daAuts
   Orc:2: 1742 daAuts
    D:14: 1740 daAuts
     D:4: 1557 daAuts
     D:8: 1446 daAuts
  Lair:3: 1397 daAuts
  Lair:2: 1385 daAuts
     D:2: 1318 daAuts
  Lair:1: 1195 daAuts
